[Event "EYCC Girls U16 2018"]
[Site "Riga"]
[Date "2018.08.20"]
[Round "1"]
[White "Peycheva, Gergana"]
[Black "Kvendseth, Thyra"]
[Result "1-0"]
[ECO "E87"]
[WhiteElo "2261"]
[BlackElo "1905"]
[Annotator "NA"]
[PlyCount "79"]
[EventDate "2018.08.20"]
[EventType "swiss"]
[EventCountry "LAT"]
[SourceTitle "playchess.com"]
[Source "ChessBase"]
[SourceQuality "1"]
[TimeControl "40/5400+30:1800+30"]

1. d4 Nf6 2. c4 g6 3. f3 Bg7 4. e4 d6 5. Nc3 O-O 6. Be3 e5 7. d5 Nbd7 8. Nge2 a6 9. Qd2 $14 {[%emt 0:04:28] LiveBook: 16 Games} Qe7 10. h4 h5 11. Ng3 Rb8 12. Bd3 Nc5 13. Bc2 a5 14. O-O-O b6 15. Nge2 Bd7 16. Nb5 Rfc8 17. Nec3 Bf8 18. Bg5 Bxb5 19. Nxb5 Ncd7 20. Na7 Rd8 21. Nc6 Qe8 22. Nxd8 Qxd8 23. g4 Be7 24. Rdg1 Kh7 25. Be3 Qc8 26. Rf1 Nc5 27. g5 Nfd7 28. f4 Qe8 29. Rf2 Kg8 30. Rhf1 Rc8 31. Qc3 Bf8 32. fxe5 Nxe5 33. Bd4 Bg7 34. Bxe5 Bxe5 35. Qf3 a4 36. Qxf7+ Qxf7 37. Rxf7 Bg3 38. R7f6 Be5 39. Rxg6+ Kh7 40. Rh6+ 1-0

[Event "EYCC Girls U16 2018"]
[Site "Riga"]
[Date "2018.08.20"]
[Round "1"]
[White "Beydullayeva, Govhar"]
[Black "Katkov, Michelle"]
[Result "1-0"]
[ECO "E15"]
[WhiteElo "2184"]
[BlackElo "1865"]
[Annotator "NA"]
[PlyCount "89"]
[EventDate "2018.08.20"]
[EventType "swiss"]
[EventCountry "LAT"]
[SourceTitle "playchess.com"]
[Source "ChessBase"]
[SourceQuality "1"]
[TimeControl "40/5400+30:1800+30"]

1. d4 Nf6 2. c4 e6 3. Nf3 b6 4. g3 Bb4+ 5. Bd2 {[%emt 0:00:10] LiveBook: 1213 Games} a5 6. Bg2 O-O 7. O-O Ba6 8. b3 $11 d5 9. cxd5 Nxd5 10. Re1 c5 11. e4 Bxd2 12. Qxd2 Nb4 13. a3 N4c6 14. d5 exd5 15. exd5 Nd4 16. Nxd4 cxd4 17. Qxd4 Nd7 18. Nc3 Nc5 19. Rab1 Bd3 20. Rb2 Re8 21. Rd1 Bf5 22. d6 Rc8 23. b4 Nd3 24. Rxd3 Re1+ 25. Bf1 Bxd3 26. Qxd3 Qd7 27. Rd2 axb4 28. axb4 Ra8 29. Rd1 Rxd1 30. Qxd1 Rd8 31. Nb5 g6 32. h3 Qc6 33. Qd3 Qc1 34. Qe3 Qc6 35. Kh2 Re8 36. Qd3 Rd8 37. h4 Qc1 38. Kg2 Qc6+ 39. Kg1 Qc1 40. Qc4 Qe1 41. Qc7 Qe8 42. Nd4 Rd7 43. Qxb6 Qe5 44. Nb5 Qe1 45. Qe3 1-0

[Event "EYCC Girls U16 2018"]
[Site "Riga"]
[Date "2018.08.20"]
[Round "1"]
[White "Schneider, Jana"]
[Black "Mikic, Ivana"]
[Result "1-0"]
[ECO "C54"]
[WhiteElo "2179"]
[BlackElo "1843"]
[Annotator "NA"]
[PlyCount "91"]
[EventDate "2018.08.20"]
[EventType "swiss"]
[EventCountry "LAT"]
[SourceTitle "playchess.com"]
[Source "ChessBase"]
[SourceQuality "1"]
[TimeControl "40/5400+30:1800+30"]

1. e4 e5 2. Nf3 Nc6 3. Bc4 Bc5 4. c3 Nf6 5. d3 O-O (5... d5 6. exd5 Nxd5 7. Qb3) 6. Bg5 {LiveBook: 100 Games} h6 7. Bh4 Be7 8. Nbd2 d6 9. Bb3 Nd7 10. Bxe7 Qxe7 11. Nc4 Nc5 $11 12. Bc2 Be6 13. Ne3 Bd7 14. b4 Ne6 15. b5 Nb8 16. Rb1 a6 17. a4 axb5 18. axb5 Ng5 19. Nd2 Be6 20. h4 Nh7 21. d4 exd4 22. cxd4 d5 23. exd5 Bxd5 24. O-O Rd8 25. Nxd5 Rxd5 26. Nf3 Nd7 27. Re1 Qd8 28. Be4 Rd6 29. Bxb7 Rb8 30. Bc6 Nhf6 31. Qc2 Rb6 32. Ne5 Nxe5 33. dxe5 Rd2 34. Qf5 Nd5 35. e6 fxe6 36. Qxe6+ Kh8 37. Qe8+ Qxe8 38. Rxe8+ Kh7 39. Rd8 Nc3 40. Rxd2 Nxb1 41. Be4+ Kg8 42. Bxb1 Rxb5 43. Bg6 Kf8 44. Rd7 Rc5 45. Rf7+ Kg8 46. Re7 1-0

[Event "EYCC Girls U16 2018"]
[Site "Riga"]
[Date "2018.08.20"]
[Round "1"]
[White "Schulze, Lara"]
[Black "Minko, Olga"]
[Result "1-0"]
[ECO "C55"]
[WhiteElo "2167"]
[BlackElo "1823"]
[Annotator "NA"]
[PlyCount "61"]
[EventDate "2018.08.20"]
[EventType "swiss"]
[EventCountry "LAT"]
[SourceTitle "playchess.com"]
[Source "ChessBase"]
[SourceQuality "1"]
[TimeControl "40/5400+30:1800+30"]

1. e4 e5 2. Nf3 Nc6 3. Bc4 Nf6 4. d3 h6 5. O-O {[%emt 0:00:01] LiveBook: 690 Games} g6 6. d4 Nxe4 7. dxe5 Nc5 8. Nc3 Bg7 $16 9. Nd5 d6 10. exd6 cxd6 11. Re1+ Be6 12. Nf4 Qd7 13. Nxe6 Nxe6 14. Qd3 Ne7 15. Nh4 d5 16. Bb5 Nc6 17. Nxg6 Rg8 18. Nh4 Bf6 19. Nf5 h5 20. Bf4 O-O-O 21. Be3 d4 22. Bd2 Rg6 23. Qc4 Nc7 24. Bxc6 bxc6 25. Qd3 Rdg8 26. g3 h4 27. Bf4 hxg3 28. fxg3 Ne6 29. Bd6 Rg5 30. Qb3 Nc5 31. Qb8# 1-0

[Event "EYCC Girls U16 2018"]
[Site "Riga"]
[Date "2018.08.20"]
[Round "1"]
[White "Tomcikova, Dominika"]
[Black "Antova, Gabriela"]
[Result "0-1"]
[ECO "B23"]
[WhiteElo "1915"]
[BlackElo "2293"]
[Annotator "NA"]
[PlyCount "58"]
[EventDate "2018.08.20"]
[EventType "swiss"]
[EventCountry "LAT"]
[SourceTitle "playchess.com"]
[Source "ChessBase"]
[SourceQuality "1"]
[TimeControl "40/5400+30:1800+30"]

1. e4 c5 2. Nc3 d6 3. Bb5+ Bd7 4. Bxd7+ Qxd7 5. Nf3 Nc6 {[%emt 0:02:25] LiveBook: 8 Games} 6. d3 g6 7. O-O Bg7 8. Re1 Nf6 9. h3 O-O $11 10. Be3 Rac8 11. Qd2 Rfe8 12. Rad1 e6 13. Bf4 Nd4 14. Nxd4 cxd4 15. Ne2 e5 16. Bh2 d5 17. Ng3 dxe4 18. Nxe4 Nxe4 19. dxe4 Qa4 20. c3 Qxa2 21. cxd4 exd4 22. e5 Red8 23. Qb4 Qd5 24. Bg3 d3 25. Kh2 a5 26. Qa3 Bf8 27. Qa1 Bb4 28. Re3 Qc4 29. Qb1 d2 0-1

[Event "EYCC Girls U16 2018"]
[Site "Riga"]
[Date "2018.08.20"]
[Round "1"]
[White "Martinez, Anna"]
[Black "Goltseva, Ekaterina"]
[Result "0-1"]
[ECO "C00"]
[WhiteElo "1881"]
[BlackElo "2185"]
[Annotator "NA"]
[PlyCount "38"]
[EventDate "2018.08.20"]
[EventType "swiss"]
[EventCountry "LAT"]
[SourceTitle "playchess.com"]
[Source "ChessBase"]
[SourceQuality "1"]
[TimeControl "40/5400+30:1800+30"]

1. e4 e6 2. d4 d5 3. Bd3 c5 4. c3 Nc6 5. Ne2 cxd4 $11 {[%emt 0:06:28] LiveBook: 3 Games} 6. cxd4 Nb4 7. Nbc3 Nxd3+ 8. Qxd3 dxe4 9. Nxe4 Bb4+ 10. N2c3 Ne7 11. Bg5 f6 12. Nxf6+ gxf6 13. Bxf6 Rf8 14. Bg7 Rf5 15. g4 Rf7 16. Qb5+ Nc6 17. Qh5 Qd5 18. Qxd5 exd5 19. Bh8 Bxg4 0-1

[Event "EYCC Girls U16 2018"]
[Site "Riga"]
[Date "2018.08.20"]
[Round "1"]
[White "Reitz, Theresa"]
[Black "Ferkova, Dominika"]
[Result "0-1"]
[ECO "B18"]
[WhiteElo "1850"]
[BlackElo "2180"]
[Annotator "NA"]
[PlyCount "53"]
[EventDate "2018.08.20"]
[EventType "swiss"]
[EventCountry "LAT"]
[SourceTitle "playchess.com"]
[Source "ChessBase"]
[SourceQuality "1"]
[TimeControl "40/5400+30:1800+30"]

1. e4 c6 2. d4 d5 3. Nd2 dxe4 4. Nxe4 Bf5 5. Ng3 Bg6 6. Bc4 e6 {[%emt 0:00:53] LiveBook: 652 Games} 7. Nh3 Nf6 8. O-O Bd6 9. f4 Qc7 10. Kh1 $11 O-O 11. f5 exf5 12. Nxf5 Nbd7 13. Nxd6 Qxd6 14. c3 Rfe8 15. Bf4 Qe7 16. Bg5 b5 17. Bb3 Qe2 18. Qxe2 Rxe2 19. Nf4 Rxb2 20. Nxg6 hxg6 21. Rae1 a5 22. Re7 Rf8 23. Bc1 Rb1 24. g4 Nb6 25. Bc2 Ra1 26. Kg1 Nbd5 27. g5 0-1

[Event "EYCC Girls U16 2018"]
[Site "Riga"]
[Date "2018.08.20"]
[Round "1"]
[White "Verbin, Valentina"]
[Black "Shpanko, Nadiia"]
[Result "0-1"]
[ECO "B90"]
[WhiteElo "1838"]
[BlackElo "2176"]
[Annotator "NA"]
[PlyCount "58"]
[EventDate "2018.08.20"]
[EventType "swiss"]
[EventCountry "LAT"]
[SourceTitle "playchess.com"]
[Source "ChessBase"]
[SourceQuality "1"]
[TimeControl "40/5400+30:1800+30"]

1. e4 c5 2. Nf3 d6 3. d4 cxd4 4. Nxd4 Nf6 5. Nc3 a6 6. Be3 e6 7. f3 b5 8. Qd2 Nbd7 9. g4 Nb6 10. a4 Nc4 11. Bxc4 bxc4 12. a5 Nd7 {[%emt 0:06:18] LiveBook: 4 Games} 13. b4 cxb3 14. cxb3 Bb7 15. O-O Rc8 $11 16. Na4 d5 17. Rac1 Rxc1 18. Rxc1 dxe4 19. f4 Ba3 20. Rc2 O-O 21. b4 Qh4 22. Rc7 Qxg4+ 23. Kf2 e5 24. Nc2 exf4 25. Rxb7 Qf3+ 26. Kg1 fxe3 27. Nxe3 Ne5 28. Qc3 Nd3 29. Qxa3 Qxe3+ 0-1

[Event "EYCC Girls U16 2018"]
[Site "Riga"]
[Date "2018.08.21"]
[Round "2"]
[White "Strukova, Ksenia"]
[Black "Schneider, Jana"]
[Result "1/2-1/2"]
[ECO "C54"]
[WhiteElo "1967"]
[BlackElo "2179"]
[Annotator "NA"]
[PlyCount "140"]
[EventDate "2018.08.20"]
[EventType "swiss"]
[EventCountry "LAT"]
[SourceTitle "playchess.com"]
[Source "ChessBase"]
[SourceQuality "1"]
[TimeControl "40/5400+30:1800+30"]

1. e4 e5 2. Nf3 Nc6 3. Bc4 Bc5 4. c3 Nf6 5. d3 a6 6. Bb3 Ba7 7. Nbd2 h6 8. h3 d6 9. Nf1 d5 10. Qe2 {[%emt 0:02:29] LiveBook: 18 Games} Be6 11. Ng3 O-O $11 12. O-O Re8 13. Be3 Bxe3 14. Qxe3 Qd7 15. Nh4 d4 16. Qe2 b5 17. Rad1 a5 18. Bxe6 Qxe6 19. a3 dxc3 20. bxc3 Qb3 21. d4 Rab8 22. d5 Ne7 23. Qe3 b4 24. axb4 axb4 25. Rd3 Qa4 26. cxb4 Rxb4 27. Ra3 Qb5 28. Nf3 Nc8 29. Nd2 c6 30. dxc6 Qxc6 31. Rc3 Qa4 32. Nf5 Ne7 33. Nd6 Rd8 34. Qc5 Rd4 35. N2c4 Qc6 36. Qxe5 R8xd6 37. Nxd6 Qxd6 38. Qxd6 Rxd6 39. e5 Re6 40. exf6 Rxf6 41. Re1 Nd5 42. Rd3 Nf4 43. Rf3 g5 44. Kh2 Rd6 45. Re8+ Kg7 46. Re7 Rf6 47. Ra7 h5 48. g3 Ne6 49. Rxf6 Kxf6 50. Kg2 g4 51. Ra5 Kg6 52. f4 gxf3+ 53. Kxf3 Ng5+ 54. Kg2 Ne6 55. Ra6 Kf5 56. Ra7 Kg6 57. Ra5 f6 58. Ra1 Kf5 59. Kf2 Ng5 60. h4 Nf7 61. Ke3 Kg4 62. Kf2 Ne5 63. Kg2 Kf5 64. Kh3 Ng4 65. Ra4 Ne5 66. Kg2 Nd3 67. Rd4 Ne5 68. Rf4+ Ke6 69. Kh3 Nd3 70. Ra4 Kf5 1/2-1/2

[Event "EYCC Girls U16 2018"]
[Site "Riga"]
[Date "2018.08.21"]
[Round "2"]
[White "Aubert, Estee"]
[Black "Schulze, Lara"]
[Result "1-0"]
[ECO "A45"]
[WhiteElo "1934"]
[BlackElo "2167"]
[Annotator "NA"]
[PlyCount "121"]
[EventDate "2018.08.20"]
[EventType "swiss"]
[EventCountry "LAT"]
[SourceTitle "playchess.com"]
[Source "ChessBase"]
[SourceQuality "1"]
[TimeControl "40/5400+30:1800+30"]

1. d4 Nf6 2. Bf4 c5 3. e3 Qb6 4. Nc3 a6 {[%emt 0:00:12] LiveBook: 7 Games} 5. Rb1 d5 6. Nf3 e6 $11 7. Be2 Bd7 8. O-O Be7 9. Ne5 cxd4 10. exd4 Nc6 11. Be3 O-O 12. a3 Qc7 13. f4 Na5 14. Rf3 b5 15. Rh3 Nc4 16. Bf2 Be8 17. Bd3 g6 18. Qe1 Nd7 19. Bh4 Ndxe5 20. fxe5 Qd8 21. Qf2 Bxh4 22. Rxh4 f5 23. exf6 Rxf6 24. Qg3 Ra7 25. Ne2 Rg7 26. Rg4 Qe7 27. Nf4 Nb6 28. Re1 Qf7 29. Nh3 h6 30. Qh4 g5 31. Qg3 Nd7 32. Nf2 Qf8 33. h4 gxh4 34. Qxh4 h5 35. Rxg7+ Qxg7 36. Re3 Qh6 37. Rg3+ Kh8 38. Rg5 Nf8 39. Nh3 Nh7 40. Bxh7 Qxh7 41. Rxh5 Bxh5 42. Qxf6+ Qg7 43. Qxg7+ Kxg7 44. Nf4 Bg4 45. Kf2 Kf6 46. Ke3 Bf5 47. c3 a5 48. Nh5+ Kg6 49. Ng3 Bc2 50. Kf4 Bd3 51. Kg4 a4 52. Kf4 Kh6 53. Ke3 Bc2 54. Kf4 Bd3 55. Ke5 Kg5 56. Kxe6 Be4 57. Ke5 Bxg2 58. Nf5 Bf1 59. Ne3 Bd3 60. Nxd5 Kg4 61. Nc7 1-0

[Event "EYCC Girls U16 2018"]
[Site "Riga"]
[Date "2018.08.22"]
[Round "3"]
[White "Beydullayeva, Govhar"]
[Black "Grigorieva, Yulia"]
[Result "1-0"]
[ECO "D76"]
[WhiteElo "2184"]
[BlackElo "1992"]
[Annotator "NA"]
[PlyCount "113"]
[EventDate "2018.08.20"]
[EventType "swiss"]
[EventCountry "LAT"]
[SourceTitle "playchess.com"]
[Source "ChessBase"]
[SourceQuality "1"]
[TimeControl "40/5400+30:1800+30"]

1. d4 Nf6 2. c4 g6 3. Nf3 Bg7 4. g3 d5 5. cxd5 O-O 6. Bg2 Nxd5 7. O-O Nb6 8. Nc3 Nc6 9. e3 Re8 10. d5 Na5 11. Nd4 $11 {[%emt 0:00:19] LiveBook: 507 Games} Bd7 12. Rb1 c6 13. b4 Nac4 14. dxc6 bxc6 15. Ne4 e5 16. Nb3 Qc7 17. Nec5 Bf5 18. e4 Be6 19. Qc2 Qe7 20. a4 Nd6 21. a5 Nbc4 22. Nxe6 Qxe6 23. Nc5 Qe7 24. Re1 f5 25. Bf1 Qf7 26. Rb3 Nb6 27. axb6 axb6 28. Nd3 fxe4 29. Nb2 Kh8 30. Rc3 Nf5 31. Qxe4 Nd4 32. Bg2 Ra2 33. f3 Qe7 34. Nd3 Qd6 35. Kh1 Nc2 36. Re2 Nxb4 37. Rxa2 Nxa2 38. Rxc6 Qd7 39. Bb2 Nb4 40. Rc3 Nd5 41. Rc1 Qb5 42. Re1 Nf6 43. Qe2 Nd7 44. Bh3 Nc5 45. Nxe5 Qxe2 46. Rxe2 Kg8 47. f4 b5 48. Bg2 Bxe5 49. Rxe5 Rc8 50. Bd5+ Kf8 51. Ba3 Kg7 52. Re7+ Kh6 53. g4 g5 54. Bxc5 gxf4 55. h4 f3 56. Be4 Rh8 57. Be3# 1-0

[Event "EYCC Girls U16 2018"]
[Site "Riga"]
[Date "2018.08.22"]
[Round "3"]
[White "Schneider, Jana"]
[Black "Aubert, Estee"]
[Result "1/2-1/2"]
[ECO "C24"]
[WhiteElo "2179"]
[BlackElo "1934"]
[Annotator "NA"]
[PlyCount "90"]
[EventDate "2018.08.20"]
[EventType "swiss"]
[EventCountry "LAT"]
[SourceTitle "playchess.com"]
[Source "ChessBase"]
[SourceQuality "1"]
[TimeControl "40/5400+30:1800+30"]

1. e4 e5 2. Bc4 Nf6 3. d3 c6 4. Nf3 d5 5. Bb3 a5 6. a4 Bb4+ 7. Bd2 dxe4 8. Nxe5 O-O 9. Bxb4 axb4 10. d4 Nbd7 11. Nc4 b5 12. Nd6 bxa4 13. Nxc8 Qxc8 14. Rxa4 Rxa4 15. Bxa4 Nb6 16. c3 Nxa4 17. Qxa4 bxc3 18. Nxc3 Qb7 19. O-O Re8 20. Re1 Re6 21. b4 Qd7 22. d5 cxd5 23. Qxd7 Nxd7 24. Nxd5 f5 25. f3 Re5 26. fxe4 fxe4 27. Nc3 e3 28. Kf1 Rf5+ 29. Kg1 Re5 30. g4 Nf6 31. h3 h5 32. gxh5 Nxh5 33. b5 Nf4 34. b6 Re7 35. Kh2 Rb7 36. Kg3 g5 37. Rb1 Kg7 38. h4 Ne6 39. Ne4 gxh4+ 40. Kf3 h3 41. Nd6 Rb8 42. Kxe3 h2 43. Nc4 Nc5 44. Kf2 Rh8 45. Kg2 h1=Q+ 1/2-1/2

[Event "EYCC Girls U16 2018"]
[Site "Riga"]
[Date "2018.08.22"]
[Round "3"]
[White "Srdanovic, Jovana"]
[Black "Strukova, Ksenia"]
[Result "1/2-1/2"]
[ECO "A48"]
[WhiteElo "2128"]
[BlackElo "1967"]
[Annotator "NA"]
[PlyCount "59"]
[EventDate "2018.08.20"]
[EventType "swiss"]
[EventCountry "LAT"]
[SourceTitle "playchess.com"]
[Source "ChessBase"]
[SourceQuality "1"]
[TimeControl "40/5400+30:1800+30"]

1. d4 Nf6 2. Nf3 g6 3. Bg5 Bg7 4. Nbd2 O-O 5. c3 b6 6. e4 Bb7 $14 {[%emt 0:03:46] LiveBook: 5 Partien} 7. Bd3 d5 8. Qe2 dxe4 9. Nxe4 Nd5 10. Bd2 e6 11. O-O Nd7 12. Rfd1 Qc8 13. Rac1 Re8 14. c4 N5f6 15. Bc3 Nh5 16. Qd2 Ndf6 17. Re1 Rd8 18. Nxf6+ Nxf6 19. Qe3 Ng4 20. Qe2 c5 21. dxc5 Bxc3 22. Rxc3 Qxc5 23. h3 Bxf3 24. Qxf3 Ne5 25. Qe4 Nc6 26. a3 Rd4 27. Qe3 Rad8 28. Bf1 Qd6 29. b4 h5 30. Qg5 1/2-1/2

[Event "EYCC Girls U16 2018"]
[Site "Riga"]
[Date "2018.08.22"]
[Round "3"]
[White "Bucur, Denisa Andreea"]
[Black "Antova, Gabriela"]
[Result "0-1"]
[ECO "D10"]
[WhiteElo "2077"]
[BlackElo "2293"]
[Annotator "NA"]
[PlyCount "48"]
[EventDate "2018.08.20"]
[EventType "swiss"]
[EventCountry "LAT"]
[SourceTitle "playchess.com"]
[Source "ChessBase"]
[SourceQuality "1"]
[TimeControl "40/5400+30:1800+30"]

1. d4 d5 2. c4 c6 3. Nc3 Nf6 4. cxd5 cxd5 5. Bf4 Nc6 6. e3 a6 7. Rc1 Bg4 8. f3 Bd7 9. Bd3 {[%emt 0:02:00] LiveBook: 12 Games} g6 10. Nge2 Bg7 11. O-O O-O 12. Na4 Nh5 13. Bg5 $1 b6 14. Nec3 Na5 15. Qe2 Bc8 $16 16. Nxd5 Qxd5 17. Nxb6 Qxg5 18. Nxa8 Bxd4 19. exd4 Nf4 20. Qc2 Bh3 21. Kf2 Qxg2+ 22. Ke3 Nd5+ 23. Ke4 Qg5 24. f4 Bg2+ 0-1

[Event "EYCC Girls U16 2018"]
[Site "Riga"]
[Date "2018.08.22"]
[Round "3"]
[White "Heydarova, Aytaj"]
[Black "Goltseva, Ekaterina"]
[Result "1/2-1/2"]
[ECO "C08"]
[WhiteElo "2052"]
[BlackElo "2185"]
[Annotator "NA"]
[PlyCount "79"]
[EventDate "2018.08.20"]
[EventType "swiss"]
[EventCountry "LAT"]
[SourceTitle "playchess.com"]
[Source "ChessBase"]
[SourceQuality "1"]
[TimeControl "40/5400+30:1800+30"]

1. e4 e6 2. d4 d5 3. Nd2 c5 4. exd5 exd5 5. Ngf3 a6 6. dxc5 Bxc5 7. Nb3 Bb6 8. Nbd4 {[%emt 0:05:46] C08: French Tarrasch: 3...c5 4 exd5 exd5 sidelines} (8. Bd3 Qe7+ 9. Be2 Nf6 10. O-O O-O 11. Bg5 h6 12. Bh4 Nc6 13. c3 g5 14. Bg3 Ne4 15. Re1 Qf6 16. Qxd5 Nxg3 17. hxg3 {½-½ (41) Fedorchuk,S (2641)-Gurevich,M (2565) Paris 2017}) 8... Nf6 9. Bd3 $146 ({Predecessor:} 9. h3 O-O 10. Be2 Nc6 11. Bf4 Re8 12. Be3 Ne4 13. c3 Ng3 14. Nxc6 bxc6 15. Bxb6 Nxe2 {1-0 (59) Cernousek,L (2293)-Wiley,T (2328) Olomouc 2003}) 9... Qe7+ 10. Qe2 Qxe2+ 11. Kxe2 O-O 12. Re1 Nc6 13. c3 Bg4 14. Kf1 Rfe8 15. Bf4 Bxf3 16. Nxf3 Ne4 17. Be3 Bxe3 18. Rxe3 Nc5 19. Rxe8+ $19 Rxe8 20. Bc2 Kf8 21. Rd1 Rd8 22. b4 Ne6 23. Bb3 Ne7 24. g3 Rc8 25. Rd3 Nc7 26. Ke2 f6 27. Nd4 Nc6 28. Nxc6 bxc6 29. c4 Rd8 30. Ba4 Rb8 31. Bxc6 dxc4 32. Rd7 Nb5 33. Kd2 c3+ 34. Kc1 Na3 35. Rd4 a5 36. b5 Nxb5 37. Ra4 Ke7 38. Kc2 Kd6 39. Bxb5 Rxb5 40. Kxc3 1/2-1/2

[Event "EYCC Girls U16 2018"]
[Site "Riga"]
[Date "2018.08.22"]
[Round "3"]
[White "Bulatova, Kamaliya"]
[Black "Ferkova, Dominika"]
[Result "1-0"]
[ECO "D30"]
[WhiteElo "2043"]
[BlackElo "2180"]
[Annotator "NA"]
[PlyCount "129"]
[EventDate "2018.08.20"]
[EventType "swiss"]
[EventCountry "LAT"]
[SourceTitle "playchess.com"]
[Source "ChessBase"]
[SourceQuality "1"]
[TimeControl "40/5400+30:1800+30"]

1. d4 d5 2. c4 c6 3. Nf3 Nf6 4. e3 e6 5. Nbd2 Be7 6. Bd3 dxc4 7. Nxc4 O-O 8. O-O c5 9. dxc5 Bxc5 10. b3 Nc6 $16 11. a3 b5 12. Nce5 Nxe5 13. Nxe5 Qd5 14. Bb2 Bb7 15. Nf3 Be7 16. Be2 a6 17. a4 Qxd1 18. Rfxd1 b4 19. Ne5 Bd5 20. Bc4 Bxc4 21. Nxc4 Rfd8 22. Bd4 Ne4 23. Bb6 Rxd1+ 24. Rxd1 Nf6 25. a5 Kf8 26. Rd4 Nd5 27. e4 Nxb6 28. axb6 Ke8 29. b7 Rb8 30. Na5 Bf6 31. Rxb4 Kd7 32. Rb6 Bd8 33. Nc6 Bxb6 34. Nxb8+ Kc7 35. Nxa6+ Kxb7 36. Nb4 Bd4 37. Nc2 Bc3 38. Kf1 Kc6 39. Ke2 Kc5 40. Kd3 Be5 41. g3 Bb2 42. f4 h6 43. Ne1 g5 44. fxg5 hxg5 45. Nf3 f6 46. h3 Ba1 47. Nd4 Kd6 48. b4 Bb2 49. Nf3 Bc1 50. e5+ Ke7 51. exf6+ Kxf6 52. b5 g4 53. hxg4 Ba3 54. Ke4 Bd6 55. g5+ Kg6 56. Ne5+ Kg7 57. b6 Bb8 58. b7 Bc7 59. Nd3 Kg6 60. Nf4+ Kf7 61. g6+ Kg8 62. Nxe6 Bb8 63. g4 Bd6 64. Kf5 Bb8 65. Nc5 1-0

[Event "EYCC Girls U16 2018"]
[Site "Riga"]
[Date "2018.08.22"]
[Round "3"]
[White "Vidruk, Mariya"]
[Black "Urh, Zala"]
[Result "0-1"]
[ECO "C45"]
[WhiteElo "1780"]
[BlackElo "2156"]
[Annotator "NA"]
[PlyCount "94"]
[EventDate "2018.08.20"]
[EventType "swiss"]
[EventCountry "LAT"]
[SourceTitle "playchess.com"]
[Source "ChessBase"]
[SourceQuality "1"]
[TimeControl "40/5400+30:1800+30"]

1. e4 e5 2. Nf3 Nc6 3. d4 exd4 4. Nxd4 Bc5 5. Be3 Qf6 6. c3 Nge7 7. Bc4 Ne5 8. Be2 Qg6 9. O-O d6 10. Nd2 Bh3 {[%emt 0:04:27] LiveBook: 5 Games} 11. Bf3 $1 O-O 12. Kh1 Nxf3 $11 13. Qxf3 Bg4 14. Qg3 Rfe8 15. f3 Bd7 16. N2b3 Bb6 17. Nc2 Qxg3 18. hxg3 Nf5 19. Bf4 g5 20. g4 gxf4 21. gxf5 d5 22. Rfe1 Re5 23. Nb4 dxe4 24. fxe4 Rae8 25. Nd5 Kg7 26. f6+ Kh6 27. Nxf4 Rxe4 28. Rxe4 Rxe4 29. g3 Bc6 30. Kh2 Kg5 31. Rf1 Kxf6 32. Nd2 Re8 33. Nc4 Bb5 34. Nd5+ Kg7 35. Rf4 Re2+ 36. Kh3 Bd7+ 37. g4 h5 38. Nf6 hxg4+ 39. Nxg4 Bf2 40. a4 Be6 41. b3 Kg6 42. Na5 Kg5 43. Rb4 c5 44. Rxb7 Bxg4+ 45. Kg2 Bh4+ 46. Kf1 Bf3 47. Rxf7 Re1# 0-1

[Event "EYCC Girls U16 2018"]
[Site "Riga"]
[Date "2018.08.22"]
[Round "3"]
[White "Scarpa, Claudia"]
[Black "Kucharska, Honorata"]
[Result "0-1"]
[ECO "B07"]
[WhiteElo "1542"]
[BlackElo "2030"]
[Annotator "NA"]
[PlyCount "130"]
[EventDate "2018.08.20"]
[EventType "swiss"]
[EventCountry "LAT"]
[SourceTitle "playchess.com"]
[Source "ChessBase"]
[SourceQuality "1"]
[TimeControl "40/5400+30:1800+30"]

1. e4 d6 2. d4 Nf6 3. Nc3 e5 4. dxe5 dxe5 5. Qxd8+ Kxd8 6. Bg5 Be6 7. O-O-O+ Nbd7 8. f4 exf4 9. Nf3 h6 10. Bxf4 Bb4 $14 {[%emt 0:05:11] LiveBook: 11 Games} 11. Nb5 Ba5 12. Nbd4 Ke7 13. Nxe6 fxe6 14. Bd3 Ng4 15. Rhf1 Bb6 16. Kb1 e5 17. Bd2 g5 18. h3 Nf2 19. Bb4+ c5 20. Rxf2 cxb4 21. Rfd2 Be3 22. Re2 Bf4 23. Rg1 Bg3 24. Nd2 Rhf8 25. Nc4 Bf2 26. Rf1 Bd4 27. Rf5 Rad8 28. g4 a6 29. Na5 Nc5 30. Nc4 Ne6 31. Re1 Ng7 32. Nxe5 Nxf5 33. Ng6+ Kf6 34. Nxf8 Ne3 35. Nh7+ Kg7 36. e5 Ng2 37. Re4 Nf4 38. Nf6 Bxe5 39. Rxe5 Kxf6 40. Re3 Rd6 41. Kc1 Re6 42. Rf3 Re1+ 43. Kd2 Rh1 44. Be4 Rh2+ 45. Kd1 b6 46. a3 Ke5 47. Bf5 bxa3 48. Rxa3 a5 49. Rb3 Nd5 50. Rb5 Kd6 51. Rb3 a4 52. Rd3 Kc5 53. Bd7 b5 54. Kc1 Nb4 55. Rd2 Rxh3 56. Rf2 Kc4 57. Be6+ Kd4 58. Rd2+ Ke3 59. c3 Rh1+ 60. Rd1 Nd3+ 61. Kc2 Rh2+ 62. Kb1 Rxb2+ 63. Ka1 a3 64. Bd7 Nc5 65. Re1+ Kf2 0-1

[Event "EYCC Girls U16 2018"]
[Site "Riga"]
[Date "2018.08.24"]
[Round "5"]
[White "Peycheva, Gergana"]
[Black "Slaba, Andrea"]
[Result "1-0"]
[ECO "D70"]
[WhiteElo "2261"]
[BlackElo "1992"]
[Annotator "NA"]
[PlyCount "71"]
[EventDate "2018.08.20"]
[EventType "swiss"]
[EventCountry "LAT"]
[SourceTitle "playchess.com"]
[Source "ChessBase"]
[SourceQuality "1"]
[TimeControl "40/5400+30:1800+30"]

1. d4 Nf6 2. c4 g6 3. f3 d5 4. cxd5 Nxd5 5. e4 Nb6 6. Nc3 Bg7 7. Be3 O-O 8. Qd2 Nc6 9. O-O-O e5 {[%emt 0:06:23] D70: Grünfeld: Unusual White 3rd moves (met by ...d5)} (9... Qd6 10. Kb1 Rd8 11. Nb5 Qd7 12. d5 a6 13. Nc3 Qe8 14. Qc1 Na5 15. h4 e6 16. Bf4 Rd7 17. Bh6 Bxh6 18. Qxh6 exd5 {½-½ (35) Aronian,L (2809)-Svidler,P (2749) Geneva 2017}) 10. d5 Ne7 ({Black should play} 10... Nd4 $1 $14) 11. Bh6 (11. h4 $16) 11... f6 $146 ({Predecessor:} 11... f5 12. Bxg7 Kxg7 13. h4 Qd6 14. Nb5 Qd8 15. Qc3 Nd7 16. Nxc7 Rb8 17. Ne6+ {1-0 (17) Stefanov,E (1808)-Arjun,A (1461) Iasi 2012}) 12. h4 Bxh6 13. Qxh6 Rf7 14. g3 Bd7 15. Qe3 Nec8 16. f4 Bg4 17. Be2 Bxe2 18. Qxe2 Nd6 19. Nf3 Nd7 20. Kb1 Qf8 21. Rh2 Re8 22. h5 exf4 23. hxg6 ({Don't do} 23. gxf4 $6 Rg7 $16) 23... hxg6 24. Rdh1 ({Less strong is} 24. gxf4 Rh7 $18) 24... Qg7 25. gxf4 Nxe4 $2 (25... Rfe7 26. Qg2 Nf8) 26. Nxe4 f5 27. Nfg5 Rxe4 28. Rh8+ Qxh8 29. Rxh8+ Kxh8 30. Nxf7+ Kg7 31. Qb5 Nb6 32. Ng5 Re1+ 33. Kc2 Kf6 34. Qd3 Ke7 35. Qc3 $18 Re2+ 36. Kd1 1-0